Little Stars vs Staline

Created - December 18, 2017 at 19:16

Goals
1 2 3 T
Little Stars 0 2 1 3
Staline 1 1 0 2
Shots
1 2 3 T
Little Stars 9 13 9 31
Staline 4 15 6 25

1st period

1. Staline , Jeff Skinner 16 (Lars Eller 28, Tyler Pitlick 13) at 6:33

Penalties :
No Penalty

2nd period

2. Little Stars , Alex Chiasson 25 (Andrej Sustr 12, Yannick Weber 11) at 9:31
3. Staline , Corey Trivino 8 (Dustin Kohn 23, Bryan Bickell 9) at 14:16 (SH)
4. Little Stars , Dana Tyrell 19 (Shawn Matthias 22, Alex Chiasson 29) at 16:28 (PP)

Penalties :
Shawn Matthias (Tex) for Hooking (Minor) at 5:58, Lars Eller (StJ) for Hooking (Minor) at 12:43, Philip Larsen (StJ) for Tripping (Minor) at 16:18

3rd period

5. Little Stars , Alexander Vasyunov 8 (Jesper Fast 15, Alex Chiasson 30) at 1:08

Penalties :
Danny Kristo (StJ) for Hooking (Minor) at 4:11, Marek Zagrapan (StJ) for Tripping (Minor) at 15:02

Goalie Stats

Jhonas Enroth (Tex), 23 saves from 25 shots - (0.920), W, 17-5-1, 60:00 minutes
Darcy Kuemper (StJ), 28 saves from 31 shots - (0.903), L, 1-3-0, 58:47 minutes

Players Stats for Little Stars

Player Name              G  A  P  +/- PIM S  H  SB GA TA FO     MP     PP MP  PK MP  
------------------------------------------------------------------------------------
Alex Chiasson            1  2  3   1  0   3  1  2  1  1  3/5    21:39   3:09   1:31 
Alexander Vasyunov       1  0  1   1  0   2  1  1  0  0  0/0    11:15   0:00   0:00 
Andrej Sustr             0  1  1   1  0   2  0  0  0  1  0/0    19:24   2:01   0:40 
Dana Tyrell              1  0  1   1  0   1  0  0  0  0  9/24   20:08   3:09   0:00 
Daniel Catenacci         0  0  0  -1  0   0  0  0  0  0  1/3    10:00   0:00   0:00 
Daniel O'regan           0  0  0   1  0   1  1  0  0  0  2/4    11:44   0:00   0:21 
Hugh Jessiman            0  0  0  -1  0   3  1  0  0  0  0/0    16:19   2:39   0:00 
Jesper Fast              0  1  1   1  0   2  1  0  0  1  0/0    11:34   0:19   0:00 
Jesse Joensuu            0  0  0  -1  0   2  4  0  1  0  0/0    16:19   2:39   0:00 
Mathieu Perreault        0  0  0  -1  0   1  1  0  1  1  5/9    16:19   2:39   0:00 
Michael Mersch           0  0  0   0  0   0  0  0  0  0  0/0     2:10   0:19   0:52 
Nail Yakupov             0  0  0  -1  0   2  1  0  1  0  0/0    11:33   0:19   1:14 
Niklas Hjalmarsson       0  0  0  -1  0   2  2  1  0  1  0/0    24:26   4:06   1:19 
Phil Oreskovic           0  0  0  -1  0   1  0  1  1  0  0/0    24:32   4:06   1:19 
Robert Klinkhammer       0  0  0  -1  0   1  1  0  0  0  0/0    10:00   0:00   0:00 
Shawn Matthias           0  1  1   1  2   3  0  2  0  0  1/1    20:07   3:09   0:00 
Tyler Wotherspoon        0  0  0   0  0   0  0  2  0  1  0/0    15:23   0:00   0:00 
Tyson Barrie             0  0  0   0  0   2  0  0  1  1  0/0    15:21   0:00   0:00 
Yannick Weber            0  1  1   1  0   3  2  0  2  0  0/0    19:47   2:01   0:40 

Players Stats for Staline

Player Name              G  A  P  +/- PIM S  H  SB GA TA FO     MP     PP MP  PK MP  
------------------------------------------------------------------------------------
Barclay Goodrow          0  0  0   0  0   0  1  1  0  0  0/0     8:39   0:00   0:00 
Brandon Burlon           0  0  0  -1  0   2  1  3  1  0  0/0    20:15   0:41   2:37 
Bryan Bickell            0  1  1   0  0   1  1  0  0  0  3/4    13:45   0:00   2:05 
Corey Trivino            1  0  1   0  0   2  1  0  0  0  2/2    10:44   0:00   0:22 
Danny Kristo             0  0  0  -1  2   1  2  0  0  0  0/1    11:28   0:00   0:00 
David Desharnais         0  0  0  -1  0   2  1  1  0  0  5/7    19:06   1:00   3:35 
Dustin Kohn              0  1  1   1  0   2  0  0  3  2  0/0    26:22   1:18   3:30 
James Sheppard           0  0  0  -1  0   1  2  0  0  0  0/1    15:34   1:00   0:00 
Jeff Skinner             1  0  1   1  0   3  3  1  0  0  0/0    20:23   0:59   1:51 
Jiri Sekac               0  0  0   0  0   1  0  1  0  0  0/0     8:39   0:00   0:00 
Jordan Caron             0  0  0  -1  0   2  0  0  0  0  0/0    15:43   1:00   0:00 
Lars Eller               0  1  1   1  2   1  2  0  1  2  13/28  20:24   0:59   2:20 
Marek Zagrapan           0  0  0   0  2   1  1  0  0  1  1/2    11:01   0:00   0:57 
Mike Reilly              0  0  0   0  0   1  0  1  0  0  0/0    12:57   0:00   0:00 
Philip Larsen            0  0  0  -1  2   0  1  2  0  1  0/0    20:14   0:41   2:37 
Stu Bickel               0  0  0   1  0   0  4  4  1  2  0/0    26:20   1:18   3:30 
Tyler Pitlick            0  1  1   1  0   3  3  0  1  0  1/1    19:16   0:59   1:04 
Viktor Loov              0  0  0   0  0   2  0  0  0  0  0/0    12:59   0:00   0:00 

3 Stars

1 - Alex Chiasson (Tex)
2 - Jeff Skinner (StJ)
3 - Alexander Vasyunov (Tex)

Power Play

Little Stars - 1 on 4 Attempt(s) - 25.00%
Staline - 0 on 1 Attempt(s) - 0.00%

Penalty Kill

Little Stars - 1 on 1 Attempt(s) - 100.00% - Score 0 goal in Penalty Kill
Staline - 3 on 4 Attempt(s) - 75.00% - Score 1 goal in Penalty Kill

Team Stat

Little Stars - Hits : 16 - Faceoff Wins : 21 - Blocked Shots : 9 - Penalty Minutes : 2
Staline - Hits : 23 - Faceoff Wins : 25 - Blocked Shots : 14 - Penalty Minutes : 8

Official

Referees : McCreary Bill and Jackson Dave
Linesman : Pierre Racicot and David Brisebois

Game Notes

No Game Note

Finance

Level 1 -- Attendance: 1609 (80.45%) -- Ticket Income $64,360
Level 2 -- Attendance: 720 (72.00%) -- Ticket Income $14,400
Total Attendance: 2329 (77.63%)
Total Ticket Income: $78,760
Other Income: $3,938
Total Income: $82,698

Little Stars

5 vs 5 Forward 
   Center                   Left Wing                Right Wing               Time % Phy DF OF 
 1 Dana Tyrell              Shawn Matthias           Alex Chiasson            40     1   2  2  
 2 Mathieu Perreault        Jesse Joensuu            Hugh Jessiman            30     1   2  2  
 3 Daniel O'regan           Alexander Vasyunov       Jesper Fast              20     1   2  2  
 4 Daniel Catenacci         Robert Klinkhammer       Nail Yakupov             10     1   2  2  

5 vs 5 Defense 
   Defense                  Defense                                           Time % Phy DF OF 
 1 Niklas Hjalmarsson       Phil Oreskovic                                    40     1   2  2  
 2 Andrej Sustr             Yannick Weber                                     30     1   2  2  
 3 Tyson Barrie             Tyler Wotherspoon                                 20     1   2  2  
 4 Niklas Hjalmarsson       Phil Oreskovic                                    10     1   2  2  

PowerPlay Forward 
   Center                   Left Wing                Right Wing               Time % Phy DF OF 
 1 Dana Tyrell              Shawn Matthias           Alex Chiasson            60     1   2  2  
 2 Mathieu Perreault        Jesse Joensuu            Hugh Jessiman            40     1   2  2  

PowerPlay Defense
   Defense                  Defense                                           Time % Phy DF OF 
 1 Niklas Hjalmarsson       Phil Oreskovic                                    60     1   2  2  
 2 Andrej Sustr             Yannick Weber                                     40     1   2  2  

Penalty Kill 4 Players Forward 
   Center                   Wing                     Time % Phy DF OF 
 1 Alex Chiasson            Shawn Matthias           60     1   2  2  
 2 Hugh Jessiman            Jesse Joensuu            40     1   2  2  

Penalty Kill 4 Players Defense
   Defense                  Defense                  Time % Phy DF OF 
 1 Niklas Hjalmarsson       Phil Oreskovic           60     1   2  2  
 2 Andrej Sustr             Yannick Weber            40     1   2  2  

Penalty Kill - 3 Players Forward 
   Forward                                           Time % Phy DF OF 
 1 Alex Chiasson                                     60     1   2  2  
 2 Shawn Matthias                                    40     1   2  2  

Penalty Kill - 3 Players Defense
   Defense                  Defense                  Time % Phy DF OF 
 1 Niklas Hjalmarsson       Phil Oreskovic           60     1   2  2  
 2 Andrej Sustr             Yannick Weber            40     1   2  2  

4 vs 4 Forward 
   Center                   Wing                     Time % Phy DF OF 
 1 Alex Chiasson            Shawn Matthias           60     1   2  2  
 2 Hugh Jessiman            Jesse Joensuu            40     1   2  2  

4 vs 4 Defense
   Defense                  Defense                  Time % Phy DF OF 
 1 Niklas Hjalmarsson       Phil Oreskovic           60     1   2  2  
 2 Andrej Sustr             Yannick Weber            40     1   2  2  

Last Minutes Offensive
   Center                   Left Wing                Right Wing               Defense                  Defense                  
   Dana Tyrell              Shawn Matthias           Alex Chiasson            Niklas Hjalmarsson       Phil Oreskovic           

Last Minutes Defensive
   Center                   Left Wing                Right Wing               Defense                  Defense                  
   Dana Tyrell              Shawn Matthias           Alex Chiasson            Niklas Hjalmarsson       Phil Oreskovic           

Goaltenders
Starting : Jhonas Enroth            
Backup : Peter Delmas             

Extra Forwards
Normal : Michael Mersch, Jesper Fast, Nail Yakupov - PP : Michael Mersch, Jesper Fast - PK : Nail Yakupov
Extra Defensemen
Normal : Tyson Barrie, Tyler Wotherspoon, Andrej Sustr - PP : Tyson Barrie - PK : Tyler Wotherspoon, Andrej Sustr
Penalty Shots
Alex Chiasson, Shawn Matthias, Hugh Jessiman, Jesse Joensuu, Dana Tyrell

Scratches
Scott Harrington (Healthy), Reece Willcox (Healthy), Ville Pokka (Healthy), Alexander Khokhlachev (Healthy), Anthony Camara (Healthy)
Duncan Siemens (Healthy), Dillon Simpson (Healthy), Scott Kosmachuck (Healthy), Laurent Brossoit (Healthy), Anthony Stolarz (Healthy)

Staline

5 vs 5 Forward 
   Center                   Left Wing                Right Wing               Time % Phy DF OF 
 1 Lars Eller               Jeff Skinner             Tyler Pitlick            40     1   2  2  
 2 David Desharnais         James Sheppard           Jordan Caron             30     1   2  2  
 3 Corey Trivino            Bryan Bickell            Danny Kristo             20     1   2  2  
 4 Marek Zagrapan           Jiri Sekac               Barclay Goodrow          10     1   2  2  

5 vs 5 Defense 
   Defense                  Defense                                           Time % Phy DF OF 
 1 Stu Bickel               Dustin Kohn                                       40     1   2  2  
 2 Brandon Burlon           Philip Larsen                                     30     1   2  2  
 3 Viktor Loov              Mike Reilly                                       20     1   2  2  
 4 Stu Bickel               Dustin Kohn                                       10     1   2  2  

PowerPlay Forward 
   Center                   Left Wing                Right Wing               Time % Phy DF OF 
 1 Lars Eller               Jeff Skinner             Tyler Pitlick            60     1   2  2  
 2 David Desharnais         James Sheppard           Jordan Caron             40     1   2  2  

PowerPlay Defense
   Defense                  Defense                                           Time % Phy DF OF 
 1 Stu Bickel               Dustin Kohn                                       60     1   2  2  
 2 Brandon Burlon           Philip Larsen                                     40     1   2  2  

Penalty Kill 4 Players Forward 
   Center                   Wing                     Time % Phy DF OF 
 1 Lars Eller               David Desharnais         60     1   2  2  
 2 Jeff Skinner             Tyler Pitlick            40     1   2  2  

Penalty Kill 4 Players Defense
   Defense                  Defense                  Time % Phy DF OF 
 1 Stu Bickel               Dustin Kohn              60     1   2  2  
 2 Brandon Burlon           Philip Larsen            40     1   2  2  

Penalty Kill - 3 Players Forward 
   Forward                                           Time % Phy DF OF 
 1 Lars Eller                                        60     1   2  2  
 2 David Desharnais                                  40     1   2  2  

Penalty Kill - 3 Players Defense
   Defense                  Defense                  Time % Phy DF OF 
 1 Stu Bickel               Dustin Kohn              60     1   2  2  
 2 Brandon Burlon           Philip Larsen            40     1   2  2  

4 vs 4 Forward 
   Center                   Wing                     Time % Phy DF OF 
 1 Lars Eller               David Desharnais         60     1   2  2  
 2 Jeff Skinner             Tyler Pitlick            40     1   2  2  

4 vs 4 Defense
   Defense                  Defense                  Time % Phy DF OF 
 1 Stu Bickel               Dustin Kohn              60     1   2  2  
 2 Brandon Burlon           Philip Larsen            40     1   2  2  

Last Minutes Offensive
   Center                   Left Wing                Right Wing               Defense                  Defense                  
   Lars Eller               Jeff Skinner             Tyler Pitlick            Stu Bickel               Dustin Kohn              

Last Minutes Defensive
   Center                   Left Wing                Right Wing               Defense                  Defense                  
   Lars Eller               Jeff Skinner             Tyler Pitlick            Stu Bickel               Dustin Kohn              

Goaltenders
Starting : Darcy Kuemper            
Backup : Allen York               

Extra Forwards
Normal : Marek Zagrapan, Corey Trivino, Bryan Bickell - PP : Marek Zagrapan, Corey Trivino - PK : Bryan Bickell
Extra Defensemen
Normal : Viktor Loov, Mike Reilly, Brandon Burlon - PP : Viktor Loov - PK : Mike Reilly, Brandon Burlon
Penalty Shots
Lars Eller, David Desharnais, Jeff Skinner, Tyler Pitlick, Jordan Caron

Scratches
Peter Holland (Healthy), Andrey Pedan (Healthy), Nikita Nesterov (Healthy), Charles Hudon (Healthy), David Musil (Left Foot Injury)
Joni Ortio (Healthy), Sean Maguire (Healthy)

% Time on Ice - Little Stars

Lines # - Real PCT - Wanted PCT - Time Play
Normal Forward
1 - 32% - 40% - 16:04
2 - 27% - 30% - 13:40
3 - 22% - 20% - 11:15
4 - 20% - 10% - 10:00
Normal Defense
1 - 36% - 40% - 18:21
2 - 32% - 30% - 16:29
3 - 27% - 20% - 13:40
4 - 5% - 10% - 2:29
PP Forward
1 - 57% - 60% - 3:28
2 - 43% - 40% - 2:39
PP Defense
1 - 67% - 60% - 4:06
2 - 33% - 40% - 2:01
PK Forward
1 - 100% - 60% - 1:59
2 - 0% - 40% - 0:00
PK Defense
1 - 66% - 60% - 1:19
2 - 34% - 40% - 0:40
PK3 Forward
1 - 0% - 60%
2 - 0% - 40%
PK3 Defense
1 - 0% - 60%
2 - 0% - 40%
44 Forward
1 - 0% - 60%
2 - 0% - 40%
44 Defense
1 - 0% - 60%
2 - 0% - 40%
Last Minute Offensive  - 0:00
Last Minute Defensive  - 0:55
Total
Forward - 60:00
Defense - 60:00

% Time on Ice - Staline

Lines # - Real PCT - Wanted PCT - Time Play
Normal Forward
1 - 34% - 40% - 17:32
2 - 29% - 30% - 14:34
3 - 20% - 20% - 10:13
4 - 17% - 10% - 8:39
Normal Defense
1 - 39% - 40% - 19:40
2 - 33% - 30% - 16:56
3 - 24% - 20% - 12:18
4 - 4% - 10% - 2:04
PP Forward
1 - 50% - 60% - 0:59
2 - 50% - 40% - 1:00
PP Defense
1 - 66% - 60% - 1:18
2 - 34% - 40% - 0:41
PK Forward
1 - 83% - 60% - 5:03
2 - 17% - 40% - 1:04
PK Defense
1 - 57% - 60% - 3:30
2 - 43% - 40% - 2:37
PK3 Forward
1 - 0% - 60%
2 - 0% - 40%
PK3 Defense
1 - 0% - 60%
2 - 0% - 40%
44 Forward
1 - 0% - 60%
2 - 0% - 40%
44 Defense
1 - 0% - 60%
2 - 0% - 40%
Last Minute Offensive  - 0:56
Last Minute Defensive  - 0:00
Total
Forward - 60:00
Defense - 60:00

Play by Play

1st period


0:01 of 1st period - Dana Tyrell wins face-off versus Lars Eller in neutral zone.
0:06 of 1st period - Snap shot by Alex Chiasson.
0:06 of 1st period - Shot Misses the Net.
0:35 of 1st period - Snap shot by Jesse Joensuu.
0:35 of 1st period - Deflect By Hugh Jessiman.
0:35 of 1st period - Stopped by Darcy Kuemper with a rebound.
1:34 of 1st period - Snap shot by Marek Zagrapan.
1:34 of 1st period - Shot Misses the Net.
1:54 of 1st period - Slapshot by Hugh Jessiman.
1:54 of 1st period - Stopped by Darcy Kuemper without a rebound.
1:55 of 1st period - Mathieu Perreault wins face-off versus Lars Eller in Staline zone.
2:38 of 1st period - Stu Bickel is hit by Jesse Joensuu and loses puck.
2:58 of 1st period - Snap shot by Jordan Caron.
2:58 of 1st period - Stopped by Jhonas Enroth with a rebound.
3:34 of 1st period - Snap shot by Mathieu Perreault.
3:34 of 1st period - Shot Misses the Net.
3:36 of 1st period - Slapshot by Andrej Sustr.
3:36 of 1st period - Shot Blocked by David Desharnais.
3:38 of 1st period - Slapshot by Andrej Sustr.
3:38 of 1st period - Stopped by Darcy Kuemper with a rebound.
3:40 of 1st period - Snap shot by Yannick Weber.
3:40 of 1st period - Shot Misses the Net.
3:44 of 1st period - Slapshot by Jesse Joensuu.
3:44 of 1st period - Stopped by Darcy Kuemper with a rebound.
3:46 of 1st period - Slapshot by Yannick Weber.
3:46 of 1st period - Stopped by Darcy Kuemper with a rebound.
3:58 of 1st period - Snap shot by Hugh Jessiman.
3:58 of 1st period - Deflect By Mathieu Perreault.
3:58 of 1st period - Shot Misses the Net.
3:58 of 1st period - Puck is out of play.
3:59 of 1st period - Lars Eller wins face-off versus Dana Tyrell in Staline zone.
5:14 of 1st period - Tyson Barrie is hit by Jeff Skinner and loses puck.
5:55 of 1st period - Slapshot by Dustin Kohn.
5:55 of 1st period - Stopped by Jhonas Enroth with a rebound.
6:33 of 1st period - Slapshot by Jeff Skinner.
6:33 of 1st period - Deflect By Tyson Barrie.
6:33 of 1st period - Goal by Jeff Skinner - Little Stars : 0 - Staline : 1.
6:34 of 1st period - Dana Tyrell wins face-off versus Danny Kristo in neutral zone.
6:39 of 1st period - Snap shot by Alex Chiasson.
6:39 of 1st period - Shot Misses the Net.
7:30 of 1st period - Snap shot by Niklas Hjalmarsson.
7:30 of 1st period - Shot Blocked by Philip Larsen.
7:48 of 1st period - Snap shot by Alex Chiasson.
7:48 of 1st period - Stopped by Darcy Kuemper with a rebound.
7:50 of 1st period - Slapshot by Niklas Hjalmarsson.
7:50 of 1st period - Shot Blocked by Brandon Burlon.
8:22 of 1st period - Yannick Weber is hit by Marek Zagrapan and loses puck.
9:50 of 1st period - Dustin Kohn is hit by Alex Chiasson and loses puck.
11:21 of 1st period - Jordan Caron is hit by Nail Yakupov and loses puck.
11:51 of 1st period - Marek Zagrapan is hit by Mathieu Perreault.
12:09 of 1st period - Marek Zagrapan is hit by Hugh Jessiman and loses puck.
12:50 of 1st period - Marek Zagrapan is hit by Jesper Fast and loses puck.
13:05 of 1st period - Snap shot by Nail Yakupov.
13:05 of 1st period - Stopped by Darcy Kuemper with a rebound.
13:07 of 1st period - Wrist shot by Robert Klinkhammer.
13:07 of 1st period - Shot Blocked by Jiri Sekac.
13:19 of 1st period - Tyson Barrie is hit by Tyler Pitlick and loses puck.
13:36 of 1st period - Snap shot by Corey Trivino.
13:36 of 1st period - Shot Misses the Net.
13:38 of 1st period - Slapshot by Bryan Bickell.
13:38 of 1st period - Shot Misses the Net.
13:40 of 1st period - Slapshot by Viktor Loov.
13:40 of 1st period - Deflect By Bryan Bickell.
13:40 of 1st period - Stopped by Jhonas Enroth with a rebound.
13:52 of 1st period - Slapshot by Nail Yakupov.
13:52 of 1st period - Stopped by Darcy Kuemper with a rebound.
13:58 of 1st period - Phil Oreskovic is hit by David Desharnais and loses puck.
14:56 of 1st period - Alexander Vasyunov is hit by Lars Eller and loses puck.
15:46 of 1st period - Stu Bickel is hit by Jesse Joensuu and loses puck.
17:06 of 1st period - Snap shot by Robert Klinkhammer.
17:06 of 1st period - Shot Misses the Net.
17:08 of 1st period - Snap shot by Robert Klinkhammer.
17:08 of 1st period - Stopped by Darcy Kuemper with a rebound.
17:10 of 1st period - Slapshot by Yannick Weber.
17:10 of 1st period - Shot Blocked by Barclay Goodrow.
17:52 of 1st period - Dustin Kohn is hit by Robert Klinkhammer and loses puck.
18:57 of 1st period - Jiri Sekac is hit by Niklas Hjalmarsson and loses puck.
Goals for this period are 0 for Little Stars vs 1 for Staline.
Shots for this period are 9 for Little Stars vs 4 for Staline.

2nd period


0:01 of 2nd period - Lars Eller wins face-off versus Dana Tyrell in neutral zone.
0:26 of 2nd period - James Sheppard is hit by Niklas Hjalmarsson.
0:34 of 2nd period - Slapshot by Jordan Caron.
0:34 of 2nd period - Shot Misses the Net.
0:36 of 2nd period - Snap shot by James Sheppard.
0:36 of 2nd period - Stopped by Jhonas Enroth with a rebound.
0:52 of 2nd period - Mathieu Perreault is hit by Bryan Bickell and loses puck.
1:48 of 2nd period - Snap shot by David Desharnais.
1:48 of 2nd period - Stopped by Jhonas Enroth without a rebound.
1:49 of 2nd period - David Desharnais wins face-off versus Dana Tyrell in Little Stars zone.
1:50 of 2nd period - Slapshot by Dustin Kohn.
1:50 of 2nd period - Shot Blocked by Tyler Wotherspoon.
2:18 of 2nd period - Hugh Jessiman is hit by Lars Eller and loses puck.
2:37 of 2nd period - Slapshot by Andrej Sustr.
2:37 of 2nd period - Deflect By Bryan Bickell.
2:37 of 2nd period - Stopped by Darcy Kuemper with a rebound.
2:48 of 2nd period - Dustin Kohn is hit by Yannick Weber.
3:23 of 2nd period - Backhand shot by Shawn Matthias.
3:23 of 2nd period - Shot Blocked by Brandon Burlon.
3:25 of 2nd period - Snap shot by Shawn Matthias.
3:25 of 2nd period - Stopped by Darcy Kuemper without a rebound.
3:26 of 2nd period - Dana Tyrell wins face-off versus Lars Eller in Staline zone.
3:35 of 2nd period - Slapshot by Niklas Hjalmarsson.
3:35 of 2nd period - Shot Misses the Net.
3:55 of 2nd period - Wrist shot by Alex Chiasson.
3:55 of 2nd period - Shot Misses the Net.
3:57 of 2nd period - Wrist shot by Tyler Wotherspoon.
3:57 of 2nd period - Deflect By Alex Chiasson.
3:57 of 2nd period - Stopped by Darcy Kuemper without a rebound.
3:58 of 2nd period - Mathieu Perreault wins face-off versus Lars Eller in Staline zone.
4:30 of 2nd period - Dustin Kohn is hit by Daniel O'regan and loses puck.
4:45 of 2nd period - Slapshot by Dustin Kohn.
4:45 of 2nd period - Deflect By David Desharnais.
4:45 of 2nd period - Shot Misses the Net.
4:45 of 2nd period - Puck is out of play.
4:46 of 2nd period - David Desharnais wins face-off versus Dana Tyrell in Little Stars zone.
5:30 of 2nd period - Snap shot by Danny Kristo.
5:30 of 2nd period - Stopped by Jhonas Enroth without a rebound.
5:31 of 2nd period - Corey Trivino wins face-off versus Daniel O'regan in Little Stars zone.
5:36 of 2nd period - Snap shot by Corey Trivino.
5:36 of 2nd period - Shot Misses the Net.
5:38 of 2nd period - Snap shot by Dustin Kohn.
5:38 of 2nd period - Shot Blocked by Alexander Vasyunov.
5:40 of 2nd period - Snap shot by Danny Kristo.
5:40 of 2nd period - Deflect By Bryan Bickell.
5:40 of 2nd period - Shot Misses the Net.
5:40 of 2nd period - Puck is out of play.
5:41 of 2nd period - Dana Tyrell wins face-off versus Lars Eller in Little Stars zone.
5:54 of 2nd period - Slapshot by Jeff Skinner.
5:54 of 2nd period - Stopped by Jhonas Enroth without a rebound.
5:55 of 2nd period - Lars Eller wins face-off versus Dana Tyrell in Little Stars zone.
5:56 of 2nd period - Slapshot by Dustin Kohn.
5:56 of 2nd period - Shot Misses the Net.
5:58 of 2nd period - Minor Penalty to Shawn Matthias for Hooking.
5:59 of 2nd period - Alex Chiasson wins face-off versus Lars Eller in Little Stars zone.
6:14 of 2nd period - Wrist shot by Tyler Pitlick.
6:14 of 2nd period - Stopped by Jhonas Enroth without a rebound.
6:15 of 2nd period - Alex Chiasson wins face-off versus Lars Eller in Little Stars zone.
6:49 of 2nd period - Snap shot by David Desharnais.
6:49 of 2nd period - Shot Misses the Net.
6:51 of 2nd period - Wrist shot by Brandon Burlon.
6:51 of 2nd period - Stopped by Jhonas Enroth without a rebound.
6:52 of 2nd period - Alex Chiasson wins face-off versus James Sheppard in Little Stars zone.
7:29 of 2nd period - Slapshot by Yannick Weber.
7:29 of 2nd period - Deflect By Dustin Kohn.
7:29 of 2nd period - Stopped by Darcy Kuemper without a rebound.
7:30 of 2nd period - David Desharnais wins face-off versus Daniel O'regan in Staline zone.
7:55 of 2nd period - Slapshot by Dustin Kohn.
7:55 of 2nd period - Deflect By James Sheppard.
7:55 of 2nd period - Shot Blocked by Niklas Hjalmarsson.
7:55 of 2nd period - Puck is out of play.
7:56 of 2nd period - Lars Eller wins face-off versus Alex Chiasson in Little Stars zone.
7:57 of 2nd period - Wrist shot by Tyler Pitlick.
7:57 of 2nd period - Stopped by Jhonas Enroth without a rebound.
7:58 of 2nd period - Penalty to Shawn Matthias is over, Shawn Matthias is back on ice.
7:58 of 2nd period - Mathieu Perreault wins face-off versus Lars Eller in Little Stars zone.
8:48 of 2nd period - Wrist shot by Marek Zagrapan.
8:48 of 2nd period - Stopped by Jhonas Enroth with a rebound.
9:06 of 2nd period - Yannick Weber is hit by Tyler Pitlick and loses puck.
9:31 of 2nd period - Slapshot by Andrej Sustr.
9:31 of 2nd period - Deflect By Alex Chiasson.
9:31 of 2nd period - Goal by Alex Chiasson - Little Stars : 1 - Staline : 1.
9:32 of 2nd period - Lars Eller wins face-off versus Mathieu Perreault in neutral zone.
10:02 of 2nd period - Slapshot by Jesper Fast.
10:02 of 2nd period - Shot Blocked by Philip Larsen.
11:29 of 2nd period - Yannick Weber is hit by Danny Kristo and loses puck.
11:51 of 2nd period - Icing by Jesse Joensuu.
11:52 of 2nd period - Marek Zagrapan wins face-off versus Dana Tyrell in Little Stars zone.
11:53 of 2nd period - Slapshot by Jiri Sekac.
11:53 of 2nd period - Stopped by Jhonas Enroth with a rebound.
12:04 of 2nd period - Mike Reilly is hit by Yannick Weber and loses puck.
12:17 of 2nd period - Snap shot by Jesper Fast.
12:17 of 2nd period - Shot Misses the Net.
12:19 of 2nd period - Slapshot by Alexander Vasyunov.
12:19 of 2nd period - Shot Misses the Net.
12:21 of 2nd period - Slapshot by Niklas Hjalmarsson.
12:21 of 2nd period - Stopped by Darcy Kuemper without a rebound.
12:22 of 2nd period - Daniel O'regan wins face-off versus Lars Eller in Staline zone.
12:31 of 2nd period - Slapshot by Niklas Hjalmarsson.
12:31 of 2nd period - Stopped by Darcy Kuemper with a rebound.
12:33 of 2nd period - Wrist shot by Niklas Hjalmarsson.
12:33 of 2nd period - Shot Blocked by Stu Bickel.
12:35 of 2nd period - Snap shot by Niklas Hjalmarsson.
12:35 of 2nd period - Shot Blocked by Stu Bickel.
12:37 of 2nd period - Snap shot by Jesper Fast.
12:37 of 2nd period - Stopped by Darcy Kuemper with a rebound.
12:43 of 2nd period - Minor Penalty to Lars Eller for Hooking.
12:44 of 2nd period - Bryan Bickell wins face-off versus Dana Tyrell in Staline zone.
13:23 of 2nd period - Slapshot by Yannick Weber.
13:23 of 2nd period - Stopped by Darcy Kuemper with a rebound.
14:10 of 2nd period - Icing by Jesse Joensuu.
14:11 of 2nd period - Bryan Bickell wins face-off versus Mathieu Perreault in Little Stars zone.
14:16 of 2nd period - Snap shot by Corey Trivino.
14:16 of 2nd period - Goal by Corey Trivino - Little Stars : 1 - Staline : 2.
14:17 of 2nd period - Bryan Bickell wins face-off versus Dana Tyrell in neutral zone.
14:28 of 2nd period - Snap shot by Shawn Matthias.
14:28 of 2nd period - Stopped by Darcy Kuemper with a rebound.
14:30 of 2nd period - Slapshot by Phil Oreskovic.
14:30 of 2nd period - Shot Misses the Net.
14:32 of 2nd period - Wrist shot by Alex Chiasson.
14:32 of 2nd period - Deflect By Dana Tyrell.
14:32 of 2nd period - Shot Blocked by Stu Bickel.
14:32 of 2nd period - Puck is out of play.
14:33 of 2nd period - Shawn Matthias wins face-off versus Bryan Bickell in Staline zone.
14:42 of 2nd period - Wrist shot by Shawn Matthias.
14:42 of 2nd period - Stopped by Darcy Kuemper without a rebound.
14:43 of 2nd period - Penalty to Lars Eller is over, Lars Eller is back on ice.
14:43 of 2nd period - Lars Eller wins face-off versus Dana Tyrell in Staline zone.
14:56 of 2nd period - Shawn Matthias is hit by Jeff Skinner and loses puck.
15:37 of 2nd period - Snap shot by Dustin Kohn.
15:37 of 2nd period - Stopped by Jhonas Enroth without a rebound.
15:38 of 2nd period - Corey Trivino wins face-off versus Daniel Catenacci in Little Stars zone.
16:18 of 2nd period - Minor Penalty to Philip Larsen for Tripping.
16:19 of 2nd period - Dana Tyrell wins face-off versus Lars Eller in Staline zone.
16:26 of 2nd period - Snap shot by Shawn Matthias.
16:26 of 2nd period - Shot Misses the Net.
16:28 of 2nd period - Snap shot by Dana Tyrell.
16:28 of 2nd period - Goal by Dana Tyrell - Little Stars : 2 - Staline : 2.
16:29 of 2nd period - Dana Tyrell wins face-off versus Lars Eller in neutral zone.
16:54 of 2nd period - Hugh Jessiman is hit by Stu Bickel and loses puck.
17:11 of 2nd period - Hugh Jessiman is hit by Corey Trivino and loses puck.
17:18 of 2nd period - Snap shot by Corey Trivino.
17:18 of 2nd period - Shot Misses the Net.
17:20 of 2nd period - Snap shot by Viktor Loov.
17:20 of 2nd period - Shot Blocked by Phil Oreskovic.
17:27 of 2nd period - Icing by Niklas Hjalmarsson.
17:28 of 2nd period - Mathieu Perreault wins face-off versus Marek Zagrapan in Little Stars zone.
17:40 of 2nd period - Slapshot by Viktor Loov.
17:40 of 2nd period - Stopped by Jhonas Enroth without a rebound.
17:41 of 2nd period - Dana Tyrell wins face-off versus Lars Eller in Little Stars zone.
17:50 of 2nd period - Wrist shot by Alex Chiasson.
17:50 of 2nd period - Shot Misses the Net.
17:52 of 2nd period - Slapshot by Yannick Weber.
17:52 of 2nd period - Deflect By Dana Tyrell.
17:52 of 2nd period - Shot Blocked by Jeff Skinner.
17:52 of 2nd period - Puck is out of play.
17:53 of 2nd period - Dana Tyrell wins face-off versus Lars Eller in Staline zone.
18:23 of 2nd period - Wrist shot by David Desharnais.
18:23 of 2nd period - Stopped by Jhonas Enroth with a rebound.
18:25 of 2nd period - Snap shot by Jordan Caron.
18:25 of 2nd period - Stopped by Jhonas Enroth without a rebound.
18:26 of 2nd period - David Desharnais wins face-off versus Dana Tyrell in Little Stars zone.
18:27 of 2nd period - Wrist shot by Jordan Caron.
18:27 of 2nd period - Shot Misses the Net.
18:57 of 2nd period - Slapshot by Mathieu Perreault.
18:57 of 2nd period - Stopped by Darcy Kuemper with a rebound.
19:17 of 2nd period - Snap shot by Bryan Bickell.
19:17 of 2nd period - Shot Misses the Net.
19:19 of 2nd period - Wrist shot by Corey Trivino.
19:19 of 2nd period - Shot Misses the Net.
19:21 of 2nd period - Slapshot by Philip Larsen.
19:21 of 2nd period - Shot Misses the Net.
19:23 of 2nd period - Wrist shot by Corey Trivino.
19:23 of 2nd period - Stopped by Jhonas Enroth with a rebound.
Goals for this period are 2 for Little Stars vs 1 for Staline.
Shots for this period are 13 for Little Stars vs 15 for Staline.

3rd period


0:01 of 3rd period - Lars Eller wins face-off versus Dana Tyrell in neutral zone.
0:26 of 3rd period - Jordan Caron is hit by Jesse Joensuu.
0:32 of 3rd period - Snap shot by Mathieu Perreault.
0:32 of 3rd period - Deflect By Hugh Jessiman.
0:32 of 3rd period - Stopped by Darcy Kuemper without a rebound.
0:33 of 3rd period - David Desharnais wins face-off versus Mathieu Perreault in Staline zone.
1:04 of 3rd period - Snap shot by Alexander Vasyunov.
1:04 of 3rd period - Stopped by Darcy Kuemper with a rebound.
1:06 of 3rd period - Wrist shot by Alexander Vasyunov.
1:06 of 3rd period - Shot Hit the Post.
1:08 of 3rd period - Snap shot by Alexander Vasyunov.
1:08 of 3rd period - Goal by Alexander Vasyunov - Little Stars : 3 - Staline : 2.
1:09 of 3rd period - Lars Eller wins face-off versus Dana Tyrell in neutral zone.
1:46 of 3rd period - Snap shot by Hugh Jessiman.
1:46 of 3rd period - Shot Misses the Net.
2:16 of 3rd period - Snap shot by Marek Zagrapan.
2:16 of 3rd period - Shot Misses the Net.
2:18 of 3rd period - Snap shot by Marek Zagrapan.
2:18 of 3rd period - Shot Misses the Net.
2:20 of 3rd period - Snap shot by Viktor Loov.
2:20 of 3rd period - Stopped by Jhonas Enroth without a rebound.
2:21 of 3rd period - Daniel Catenacci wins face-off versus Lars Eller in Little Stars zone.
2:21 of 3rd period - Daniel Catenacci is hit by Tyler Pitlick.
2:41 of 3rd period - Slapshot by Yannick Weber.
2:41 of 3rd period - Shot Misses the Net.
2:43 of 3rd period - Snap shot by Nail Yakupov.
2:43 of 3rd period - Shot Misses the Net.
3:11 of 3rd period - Slapshot by Tyson Barrie.
3:11 of 3rd period - Stopped by Darcy Kuemper without a rebound.
3:12 of 3rd period - Dana Tyrell wins face-off versus David Desharnais in Staline zone.
3:17 of 3rd period - Snap shot by Dana Tyrell.
3:17 of 3rd period - Shot Misses the Net.
3:37 of 3rd period - Alex Chiasson is hit by Stu Bickel and loses puck.
3:50 of 3rd period - Wrist shot by Marek Zagrapan.
3:50 of 3rd period - Shot Blocked by Alex Chiasson.
3:56 of 3rd period - Slapshot by Tyson Barrie.
3:56 of 3rd period - Stopped by Darcy Kuemper with a rebound.
4:11 of 3rd period - Minor Penalty to Danny Kristo for Hooking.
4:12 of 3rd period - Mathieu Perreault wins face-off versus Lars Eller in Staline zone.
6:11 of 3rd period - Penalty to Danny Kristo is over, Danny Kristo is back on ice.
6:52 of 3rd period - Wrist shot by Marek Zagrapan.
6:52 of 3rd period - Shot Misses the Net.
7:10 of 3rd period - Snap shot by Danny Kristo.
7:10 of 3rd period - Shot Misses the Net.
7:51 of 3rd period - Slapshot by Brandon Burlon.
7:51 of 3rd period - Deflect By Nail Yakupov.
7:51 of 3rd period - Stopped by Jhonas Enroth with a rebound.
7:58 of 3rd period - Off-side.
7:59 of 3rd period - Lars Eller wins face-off versus Dana Tyrell in neutral zone.
8:22 of 3rd period - Wrist shot by Jesper Fast.
8:22 of 3rd period - Shot Blocked by Stu Bickel.
8:57 of 3rd period - Tyson Barrie is hit by James Sheppard and loses puck.
9:51 of 3rd period - Shawn Matthias is hit by Danny Kristo and loses puck.
10:13 of 3rd period - Niklas Hjalmarsson is hit by Barclay Goodrow and loses puck.
10:30 of 3rd period - Slapshot by Niklas Hjalmarsson.
10:30 of 3rd period - Shot Blocked by Mike Reilly.
10:32 of 3rd period - Slapshot by Phil Oreskovic.
10:32 of 3rd period - Stopped by Darcy Kuemper with a rebound.
10:34 of 3rd period - Snap shot by Robert Klinkhammer.
10:34 of 3rd period - Shot Misses the Net.
10:55 of 3rd period - Slapshot by Danny Kristo.
10:55 of 3rd period - Shot Misses the Net.
11:09 of 3rd period - Andrej Sustr is hit by Stu Bickel and loses puck.
11:26 of 3rd period - Alex Chiasson is hit by Philip Larsen and loses puck.
11:48 of 3rd period - Dustin Kohn is hit by Alexander Vasyunov and loses puck.
12:01 of 3rd period - Danny Kristo is hit by Jesse Joensuu and loses puck.
12:10 of 3rd period - Slapshot by Jesse Joensuu.
12:10 of 3rd period - Stopped by Darcy Kuemper without a rebound.
12:11 of 3rd period - Daniel O'regan wins face-off versus David Desharnais in Staline zone.
13:20 of 3rd period - Off-side.
13:21 of 3rd period - Lars Eller wins face-off versus Daniel Catenacci in neutral zone.
13:50 of 3rd period - Wrist shot by James Sheppard.
13:50 of 3rd period - Shot Misses the Net.
15:02 of 3rd period - Minor Penalty to Marek Zagrapan for Tripping.
15:03 of 3rd period - Lars Eller wins face-off versus Alex Chiasson in Staline zone.
15:38 of 3rd period - Wrist shot by Jesse Joensuu.
15:38 of 3rd period - Shot Blocked by Brandon Burlon.
15:57 of 3rd period - Icing by Andrej Sustr.
15:58 of 3rd period - Lars Eller wins face-off versus Mathieu Perreault in Little Stars zone.
17:02 of 3rd period - Penalty to Marek Zagrapan is over, Marek Zagrapan is back on ice.
17:22 of 3rd period - Niklas Hjalmarsson is hit by James Sheppard and loses puck.
18:02 of 3rd period - Wrist shot by Jesper Fast.
18:02 of 3rd period - Stopped by Darcy Kuemper with a rebound.
18:04 of 3rd period - Wrist shot by Daniel O'regan.
18:04 of 3rd period - Stopped by Darcy Kuemper without a rebound.
18:05 of 3rd period - Tyler Pitlick wins face-off versus Dana Tyrell in Staline zone.
18:10 of 3rd period - Shawn Matthias is hit by Stu Bickel and loses puck.
18:47 of 3rd period - Staline, Darcy Kuemper is pulled from the net.
19:10 of 3rd period - Dana Tyrell is hit by Brandon Burlon and loses puck.
19:27 of 3rd period - Snap shot by Tyler Pitlick.
19:27 of 3rd period - Shot Blocked by Alex Chiasson.
19:29 of 3rd period - Wrist shot by Tyler Pitlick.
19:29 of 3rd period - Stopped by Jhonas Enroth with a rebound.
19:31 of 3rd period - Snap shot by Lars Eller.
19:31 of 3rd period - Stopped by Jhonas Enroth with a rebound.
19:33 of 3rd period - Slapshot by Tyler Pitlick.
19:33 of 3rd period - Shot Blocked by Shawn Matthias.
19:35 of 3rd period - Slapshot by Mike Reilly.
19:35 of 3rd period - Stopped by Jhonas Enroth with a rebound.
19:37 of 3rd period - Backhand shot by Lars Eller.
19:37 of 3rd period - Shot Blocked by Shawn Matthias.
19:39 of 3rd period - Slapshot by Viktor Loov.
19:39 of 3rd period - Shot Blocked by Tyler Wotherspoon.
19:41 of 3rd period - Snap shot by Jeff Skinner.
19:41 of 3rd period - Stopped by Jhonas Enroth without a rebound.
19:42 of 3rd period - Guy Carbonneau call a timeout for Staline.
19:42 of 3rd period - Lars Eller wins face-off versus Dana Tyrell in Little Stars zone.
19:49 of 3rd period - Dana Tyrell is hit by Jeff Skinner and loses puck.
Goals for this period are 1 for Little Stars vs 0 for Staline.
Shots for this period are 9 for Little Stars vs 6 for Staline.